 Dungeon Crawl Stone Soup version 0.27.0-1-g7a089689b8 (webtiles) character file.

Game seed: 3047591167530992146

1452 Ekaitz the Gusty (level 8, -1/48 HPs)
             Began as a Tengu Air Elementalist on Aug 5, 2021.
             Was a Follower of Sif Muna.
             Slain by Pikel (2 damage)
             ... on level 6 of the Dungeon.
             The game lasted 00:12:00 (6579 turns).

Ekaitz the Gusty (Tengu Air Elementalist)           Turns: 6579, Time: 00:12:02

Health: -1/48      AC:  6    Str:  8    XL:     8   Next: 75%
Magic:  6/14       EV: 15    Int: 17    God:    Sif Muna [*.....]
Gold:   171        SH:  0    Dex: 16    Spells: 1/14 levels left

rFire    . . .     SeeInvis .   z - +7 battleaxe of Red Resourcefulness {venom, rElec}
rCold    . . .     Faith    .   (shield currently unavailable)
rNeg     . . .     Spirit   .   C - +3 leather armour {Will+}
rPois    .         Reflect  .   (helmet restricted)
rElec    +         Harm     .   (no cloak)
rCorr    .         Rampage  .   (no gloves)
Will     ++...                  (boots unavailable)
Stlth    ++........             (no amulet)
HPRegen  0.16/turn              k - +4 ring of slaying
MPRegen  0.14/turn              r - ring of willpower

@: flying quickly and evasively, quick
A: beak, talons 3, nimble flight
a: Renounce Religion, Channel Magic


You were on level 6 of the Dungeon.
You worshipped Sif Muna.
Sif Muna was aware of your devotion.
You visited 2 branches of the dungeon, and saw 7 of its levels.

You collected 171 gold pieces.

Inventory:

Hand Weapons
 g - a +0 hunting sling
 s - a +2 flail of draining
 z - the +7 battleaxe of Red Resourcefulness (weapon) {venom, rElec}
   (You found it on level 5 of the Dungeon)

   It poisons the flesh of those it strikes.
   rElec:     It insulates you from electricity.
 A - a +0 glaive
Missiles
 f - 61 bolts
 h - 126 stones
Armour
 C - a +3 leather armour of willpower (worn)
Jewellery
 k - a +4 ring of slaying (left hand)
 r - a ring of willpower (right hand)
Wands
 x - a wand of paralysis (5)
 y - a wand of mindburst (12)
 B - a wand of iceblast (8)
Scrolls
 a - a scroll of torment {unknown}
 b - a scroll of blinking {unknown}
 c - 3 scrolls of identify {unknown}
 j - 2 scrolls of noise {unknown}
 l - 2 scrolls of magic mapping {unknown}
 p - a scroll of brand weapon {unknown}
 q - a scroll of summoning {unknown}
 t - a scroll of fear {unknown}
 v - 2 scrolls of teleportation {unknown}
Potions
 d - a potion of curing
 e - 2 potions of might
 i - 2 potions of lignification
 m - a potion of brilliance {unknown}
 n - a potion of mutation {unknown}
 o - 3 potions of degeneration {unknown}
 u - 3 potions of haste {unknown}
 w - a potion of resistance {unknown}


   Skills:
 * Level 4.0 Fighting
 + Level 3.0(3.2) Axes
 + Level 1.4(2.4) Maces & Flails
 * Level 4.1 Dodging
 + Level 2.7 Stealth
 + Level 0.7 Unarmed Combat
 + Level 3.7 Spellcasting
 + Level 4.2 Conjurations
 + Level 7.6 Air Magic
 * Level 1.8 Poison Magic
 * Level 2.0 Invocations
 * Level 2.2 Evocations


You had one spell level left.
You knew the following spells:

 Your Spells              Type           Power      Damage    Failure   Level
a - Shock                 Conj/Air       92%        1d8       1%          1
b - Static Discharge      Conj/Air       23%        N/A       3%          2
c - Swiftness             Air            29%        N/A       3%          3
d - Airstrike             Air            14%        N/A       11%         4
e - Mephitic Cloud        Conj/Pois/Air  18%        N/A       11%         3

Your spell library contained the following spells:

 Spells                   Type           Power      Damage    Failure   Level
 Sandblast                Erth           6%         2d5       24%         1
 Dazzling Flash           Conj/Hex       20%        N/A       30%         3
 Passwall                 Tmut/Erth      2%         N/A       34%         2
 Ignite Poison            Fire/Tmut/Pois 5%         N/A       50%         3
 Iskenderun's Mystic Bla  Conj/Tloc      10%        2d4       69%         4
 Bolt of Magma            Conj/Fire/Erth 4%         4d5       98%         5
 Lee's Rapid Deconstruct  Erth           1%         3d5*      100%        5
 Starburst                Conj/Fire      5%         8x6d4     100%        6


Dungeon Overview and Level Annotations

Branches:
Dungeon (6/15)             Temple (1/1) D:4

Altars:
Cheibriados
Dithmenos
Elyvilon
Fedhas
Gozag
Qazlal
Ru
Sif Muna
Trog
Uskayaw
Xom
Zin
The Shining One

Annotations:
D:6 Pikel


Innate Abilities, Weirdness & Mutations

You have a beak for a mouth.
You have claws for feet.
Your magical nature lets you fly swiftly and evasively.


Message History

Casting: Shock (safe; 1% risk of failure)
Confirm with . or Enter, or press ? or * to list all spells.
Aiming: Shock (safe; 1% risk of failure)
Press: ? - help, Shift-Dir - straight line The zap hits Pikel but does no damage.
Pikel is heavily wounded.
The zap hits the lemure.
The lemure is heavily wounded.
The zap hits the lemure.
The lemure is heavily wounded.
The zap hits Pikel.
Pikel is heavily wounded.
Pikel completely misses you.
Casting: Shock (safe; 1% risk of failure)
Confirm with . or Enter, or press ? or * to list all spells.
Pikel is struck by an arc of lightning.
Pikel is severely wounded.
The lemure is struck by an arc of lightning!
You kill the lemure!
That felt strangely unrewarding.
The lightning grounds out.
Pikel hits you with a +2 whip of freezing!
* * * LOW HITPOINT WARNING * * *
Pikel freezes you.
* * * LOW HITPOINT WARNING * * *
Casting: Static Discharge (safe; 3% risk of failure)
Confirm with . or Enter, or press ? or * to list all spells.
The spell is quite dangerous to cast (11% risk of failure)!
Continue anyway?
Aiming: Airstrike (quite dangerous; 11% risk of failure)
Press: ? - help, Dir - move target, f - Pikel
Aim: Pikel, wielding a +2 whip of freezing and wearing a +0 robe (severely wounded)
The air twists around and strikes Pikel!
Pikel is almost dead.
Unknown command.
You closely miss Pikel.
Pikel is almost dead.
Pikel closely misses you.
Pikel hits you with a +2 whip of freezing.
* * * LOW HITPOINT WARNING * * *
Pikel freezes you.
You die...

#..# ....
#..##.# #
#..##.#
.#..###..##.#
......55..#.#
#5# #.# #K# #.#
#@# #.#
#..###.###.####
+............>#
#..##.#######.#
# #. #.# #. #.#
.. ######.## ##
#.......#
#.##.#.##


You could see Pikel and 3 lemures.

Vanquished Creatures
  A troll (D:5)
  Sigmund (D:2)
  An ice beast (D:5)
  2 ogres
  A centaur (D:5)
  A lemure (D:6)
  Blork the orc (D:5)
  A scorpion (D:5)
  A water moccasin skeleton (D:4)
  A howler monkey (D:5)
  2 bullfrog zombies
  4 hounds
  A jelly (D:5)
  A centaur skeleton (D:4)
  4 iguanas
  An orc wizard (D:5)
  Ijyb (D:5)
  3 gnolls (D:4)
  2 adders (D:5)
  A white imp (D:4)
  An adder skeleton (D:5)
  2 worms
  2 dart slugs
  3 orcs
  3 bats
  5 endoplasms
  2 giant cockroaches
  5 goblins
  8 hobgoblins
  16 jackals
  2 kobolds
  5 quokkas
  9 ball pythons
  3 frilled lizards
  4 rats
101 creatures vanquished.

Vanquished Creatures (others)
  4 fungi (D:1)
  5 plants (D:1)
9 creatures vanquished.

Grand Total: 110 creatures vanquished

Notes
Turn   | Place    | Note
-------+----------+-------------------------------------------
     0 | D:1      | Ekaitz the Tengu Air Elementalist began the quest for the
                  | Orb.
     0 | D:1      | Reached XP level 1. HP: 10/10 MP: 4/4
   281 | D:1      | Reached XP level 2. HP: 15/15 MP: 0/6
   319 | D:1      | Learned a level 2 spell: Static Discharge
   693 | D:1      | Found a faded altar of an unknown god.
   853 | D:1      | Reached XP level 3. HP: 19/19 MP: 4/7
   857 | D:1      | Learned a level 3 spell: Swiftness
  1414 | D:2      | Noticed Sigmund
  1585 | D:2      | Reached skill level 5 in Air Magic
  1785 | D:2      | Killed Sigmund
  1786 | D:2      | Reached skill level 1 in Fighting
  1786 | D:2      | Reached XP level 4. HP: 6/25 MP: 1/9
  1786 | D:2      | Gained mutation: Your magical nature lets you fly swiftly
                  | and evasively. [Tengu growth]
  1786 | D:2      | Reached XP level 5. HP: 7/29 MP: 1/10
  2988 | D:3      | Reached XP level 6. HP: 34/34 MP: 5/11
  2993 | D:3      | Learned a level 4 spell: Airstrike
  3069 | D:3      | Reached skill level 6 in Air Magic
  3127 | D:3      | Found a sacrificial altar of Ru.
  4067 | D:4      | Reached XP level 7. HP: 37/40 MP: 8/12
  4097 | D:4      | Found a snail-covered altar of Cheibriados.
  4285 | D:4      | Found a staircase to the Ecumenical Temple.
  4294 | Temple   | Entered the Ecumenical Temple
  4407 | Temple   | Became a worshipper of Sif Muna the Loreminder
  4621 | D:5      | Entered Level 5 of the Dungeon
  4621 | D:5      | Found an opulent altar of Gozag.
  4757 | D:5      | Reached skill level 7 in Air Magic
  4768 | D:5      | Identified the +7 battleaxe of Red Resourcefulness {venom,
                  | rElec}
  4994 | D:5      | Reached skill level 1 in Evocations
  5030 | D:5      | Reached skill level 1 in Maces & Flails
  5126 | D:5      | Found a stormy altar of Qazlal.
  5318 | D:5      | Noticed Blork the orc
  5325 | D:5      | Killed Blork the orc
  5326 | D:5      | Reached skill level 1 in Invocations
  5411 | D:5      | Reached skill level 1 in Axes
  5411 | D:5      | Reached XP level 8. HP: 46/46 MP: 14/14
  5415 | D:5      | Learned a level 3 spell: Mephitic Cloud
  5514 | D:5      | Reached * piety under Sif Muna
  5720 | D:5      | Noticed a troll
  5732 | D:5      | Killed a troll
  5733 | D:5      | Reached skill level 1 in Poison Magic
  6085 | D:5      | Noticed Ijyb
  6094 | D:5      | Killed Ijyb
  6566 | D:6      | Noticed Pikel
  6579 | D:6      | HP: 1/48 [Pikel (5)]
  6579 | D:6      | Slain by Pikel

Illustrated notes

Levels and vault maps discovered:
D:1:      nicolae_arrival_memento_mori, layout_basic,
          shapermc_ecumenical_altar_mp_urbaneastern, minmay_misc_feat_tower
D:2:      layout_loops_corners, uniq_sigmund
D:3:      layout_basic, nicolae_ru_awakened_eye, chequers_decorated_corner,
          minmay_hedge_maze
D:4:      layout_rooms, cheibriados_altar_1, minmay_temple_entry_butterflies
D:5:      layout_basic, nicolae_gozag_seed_capital, kennysheep_little_box,
          uniq_blork_the_orc, uniq_ijyb
D:6:      layout_basic, uniq_pikel
Temple:   dpeg_three_leaves_temple

Skill      XL: |  1  2  3  4  5  6  7  8 |
---------------+-------------------------+-----
Conjurations   | 3 4 |  4.2
Air Magic      | 5 6 7 |  7.6
Fighting       | 1 2 3 4 |  4.0
Dodging        | 3 4 |  4.1
Spellcasting   | 3 |  3.7
Evocations     | 1 2 |  2.2
Maces & Flails | 1 |  1.4
Invocations    | 1 2 |  2.0
Axes           | 1 3 |  3.0
Poison Magic   | 1 |  1.8
Stealth        | |  2.7
Unarmed Combat | |  0.7

Action                   |  1- 3 |  4- 6 |  7- 9 || total
-------------------------+-------+-------+-------++-------
Melee: Unarmed           |    23 |     6 |       ||    29
       Peck              |     5 |     1 |     9 ||    15
       Kick              |     3 |     7 |    10 ||    20
       Punch             |       |     1 |       ||     1
       Flail             |       |     7 |    12 ||    19
       Battleaxe         |       |       |    46 ||    46
 Cast: Shock             |    49 |    39 |    12 ||   100
       Static Discharge  |     6 |    10 |     5 ||    21
       Swiftness         |     1 |       |       ||     1
       Airstrike         |       |     7 |     9 ||    16
  Use: Potion            |     2 |       |       ||     2
 Stab: Sleeping          |       |     1 |     2 ||     3
Armor: Robe              |     6 |     2 |     5 ||    13
       Skin              |     2 |       |       ||     2
       Leather armour    |       |       |     2 ||     2
Dodge: Dodged            |    29 |    20 |    64 ||   113
